TOP OF THE 1ST |
Colorado Rockies batting - Pitching for Milwaukee Brewers : RHP Travis Southern
|
Pitching: RHP Travis Southern
|
|
Batting: LHB Andy Bowman
|
0-0: Ball 1-0: Called Strike 1-1: Called Strike 1-2: Foul Ball, location: 2F 1-2: Ball 2-2: Strikes out swinging
|
Batting: SHB Eddie Quinones
|
0-0: Ball 1-0: Ball 2-0: Foul Ball, location: 2F 2-1: Fly out, F7 (Flyball, 7D, EV 92.5 MPH)
|
Batting: LHB Shawn Morrison
|
0-0: Ball 1-0: Fly out, F8 (Flyball, 8RD, EV 90.0 MPH)
|
Top of the 1st over - 0 runs, 0 hits, 0 errors, 0 left on base; Colorado 0 - Milwaukee 0 |
BOTTOM OF THE 1ST |
Milwaukee Brewers batting - Pitching for Colorado Rockies : LHP Mike Nimmo
|
Pitching: LHP Mike Nimmo
|
|
Batting: SHB Lewis Thorpe Jr.
|
0-0: Ball 1-0: Fly out, F8 (Flyball, 8RD, EV 98.1 MPH)
|
Batting: RHB Kisho Ito
|
0-0: Ball 1-0: Ball 2-0: Ball 3-0: Swinging Strike 3-1: Called Strike 3-2: Strikes out swinging
|
Batting: RHB Joel Haycock
|
0-0: SINGLE (Groundball, 6MD, EV 96.2 MPH)
|
Batting: RHB Dave Gonzalez
|
0-0: Ball 1-0: Foul Ball, location: 2F 1-1: Ball 2-1: Called Strike 2-2: Foul Ball, location: 2F 2-2: Foul Ball, location: 2F 2-2: Foul Ball, location: 2F 2-2: Fly out, F9 (Flyball, 9, EV 90.0 MPH)
|
Bottom of the 1st over - 0 runs, 1 hit, 0 errors, 1 left on base; Colorado 0 - Milwaukee 0 |
TOP OF THE 2ND |
Colorado Rockies batting - Pitching for Milwaukee Brewers : RHP Travis Southern
|
Batting: LHB Freddy Troncoso
|
0-0: Swinging Strike 0-1: Swinging Strike 0-2: Strikes out looking
|
Batting: RHB Henry Alvizo
|
0-0: Called Strike 0-1: Ball 1-1: Called Strike 1-2: Ground out 4-3 (Groundball, 4M, EV 84.4 MPH)
|
Batting: LHB Bi-jun Chien
|
0-0: Called Strike 0-1: Ball 1-1: Ground out 4-3 (Groundball, 4, EV 107.5 MPH)
|
Top of the 2nd over - 0 runs, 0 hits, 0 errors, 0 left on base; Colorado 0 - Milwaukee 0 |
BOTTOM OF THE 2ND |
Milwaukee Brewers batting - Pitching for Colorado Rockies : LHP Mike Nimmo
|
Batting: RHB Adrian Rudkilde
|
0-0: Ball 1-0: Ball 2-0: Called Strike 2-1: Foul Ball, location: 2F 2-2: DOUBLE (Line Drive, 3D, EV 105.0 MPH)
|
Batting: RHB Daniel Donovan
|
0-0: Ball 1-0: SINGLE (Line Drive, 78S, EV 98.1 MPH) Adrian Rudkilde to third Runner from 3rd tries for Home, SAFE, throw by LF to home
|
Batting: RHB Naofumi Ishida
|
0-0: Ball 1-0: Ball 2-0: Ground out 5-3 (Groundball, 56S, EV 60.0 MPH) Daniel Donovan to second
|
Batting: LHB Eric Klasek
|
0-0: DOUBLE (Line Drive, 9LD, EV 103.1 MPH) Daniel Donovan scores
|
Batting: RHB Jose Morrissey
|
0-0: Ball 1-0: Ground out 5-3 (Groundball, 56D, EV 81.2 MPH)
|
Batting: SHB Lewis Thorpe Jr.
|
0-0: Foul Ball, location: 2F 0-1: Ball 1-1: Fly out, F8 (Line Drive, 78M, EV 95.0 MPH)
|
Bottom of the 2nd over - 2 runs, 3 hits, 0 errors, 1 left on base; Colorado 0 - Milwaukee 2 |
TOP OF THE 3RD |
Colorado Rockies batting - Pitching for Milwaukee Brewers : RHP Travis Southern
|
Batting: SHB Jon Munoz
|
0-0: Ball 1-0: Foul Ball, location: 2F 1-1: Swinging Strike 1-2: SINGLE (Line Drive, 6MD, EV 94.4 MPH)
|
Batting: SHB Andy Vivas
|
0-0: Called Strike Jon Munoz steals 2nd base (no throw) 0-1: Ball 1-1: SINGLE (Groundball, 6, EV 98.8 MPH) Jon Munoz to third
|
Batting: RHB Eduardo Camacho
|
0-0: Called Strike 0-1: Ball 1-1: Swinging Strike 1-2: Strikes out swinging
|
Batting: LHB Andy Bowman
|
0-0: Ball 1-0: Ball 2-0: Ball 3-0: Base on Balls Andy Vivas to second
|
Batting: SHB Eddie Quinones
|
0-0: Ball 1-0: Called Strike 1-1: Foul Ball, location: 2F 1-2: SINGLE (Groundball, 34D, EV 105.0 MPH) Jon Munoz scores Andy Vivas to third Andy Bowman to second
|
Batting: LHB Shawn Morrison
|
0-0: Ball 1-0: Called Strike 1-1: Foul Ball, location: 2F 1-2: DOUBLE (Flyball, 89D, EV 109.4 MPH) Andy Vivas scores Andy Bowman scores Eddie Quinones to third
|
Pinch Runner at 2nd Justin Williams:
|
|
Batting: LHB Freddy Troncoso
|
0-0: Ball 1-0: Ball 2-0: SINGLE (Flyball, 34D, EV 91.9 MPH) Eddie Quinones scores Justin Williams to third
|
Batting: RHB Henry Alvizo
|
0-0: Foul Ball, location: 2F 0-1: DOUBLE (Flyball, 89XD, EV 114.4 MPH) Justin Williams scores Freddy Troncoso to third Runner from 3rd tries for Home, SAFE, throw by CF to trailing runner, OUT at third! 8-3-5
|
Batting: LHB Bi-jun Chien
|
0-0: Ball 1-0: Ground out 1-3 (Groundball, P, EV 71.2 MPH)
|
Top of the 3rd over - 6 runs, 6 hits, 0 errors, 0 left on base; Colorado 6 - Milwaukee 2 |
BOTTOM OF THE 3RD |
Milwaukee Brewers batting - Pitching for Colorado Rockies : LHP Mike Nimmo
|
Now at 2B: Andy Vivas
|
|
Now at 3B: Justin Williams
|
|
Batting: RHB Kisho Ito
|
0-0: Ball 1-0: Called Strike 1-1: Ball 2-1: Called Strike 2-2: Foul Ball, location: 2F 2-2: SINGLE (Groundball, 4D, EV 95.6 MPH)
|
Batting: RHB Joel Haycock
|
0-0: Ball 1-0: Ball 2-0: Called Strike 2-1: Ball 3-1: Called Strike 3-2: Base on Balls Kisho Ito to second
|
Batting: RHB Dave Gonzalez
|
0-0: Ball 1-0: Foul Ball, location: 2F 1-1: SINGLE (Flyball, 56D, EV 94.4 MPH) Kisho Ito to third Joel Haycock to second
|
Batting: RHB Adrian Rudkilde
|
0-0: Called Strike 0-1: SINGLE (Groundball, 6M, EV 103.1 MPH) Kisho Ito scores Joel Haycock to third Dave Gonzalez to second
|
Batting: RHB Daniel Donovan
|
0-0: Ball 1-0: Fly out, F9 (Line Drive, 9, EV 103.1 MPH)
|
Batting: RHB Naofumi Ishida
|
0-0: Ball 1-0: Fly out, F4 (Popup, 13S, EV 81.9 MPH)
|
Batting: LHB Eric Klasek
|
0-0: Ball 1-0: Foul Ball, location: 2F 1-1: Called Strike 1-2: Foul Ball, location: 2F 1-2: Ball 2-2: Strikes out swinging
|
Bottom of the 3rd over - 1 run, 3 hits, 0 errors, 3 left on base; Colorado 6 - Milwaukee 3 |
TOP OF THE 4TH |
Colorado Rockies batting - Pitching for Milwaukee Brewers : RHP Travis Southern
|
Batting: SHB Jon Munoz
|
0-0: Ball 1-0: Called Strike 1-1: Swinging Strike 1-2: Strikes out swinging
|
Pitching: LHP Mike Moffett
|
|
Batting: SHB Andy Vivas
|
0-0: Called Strike 0-1: Foul Ball, location: 2F 0-2: Ball 1-2: Strikes out looking
|
Batting: RHB Eduardo Camacho
|
0-0: Called Strike 0-1: Swinging Strike 0-2: Ball 1-2: Foul Ball, location: 2F 1-2: Ball 2-2: Fly out, F8 (Flyball, 8RD, EV 78.8 MPH)
|
Top of the 4th over - 0 runs, 0 hits, 0 errors, 0 left on base; Colorado 6 - Milwaukee 3 |
BOTTOM OF THE 4TH |
Milwaukee Brewers batting - Pitching for Colorado Rockies : LHP Mike Nimmo
|
Batting: RHB Jose Morrissey
|
0-0: Called Strike 0-1: Ball 1-1: Ball 2-1: Foul Ball, location: 2F 2-2: Ball 3-2: Foul Ball, location: 2F 3-2: Ground out 6-3 (Groundball, 6, EV 93.8 MPH)
|
Batting: SHB Lewis Thorpe Jr.
|
0-0: Ball 1-0: SOLO HOME RUN (Flyball, 89XD, EV 97.5 MPH), Distance : 399 ft
|
Batting: RHB Kisho Ito
|
0-0: SINGLE (Line Drive, 9LS, EV 101.2 MPH)
|
Batting: RHB Joel Haycock
|
0-0: Ball 1-0: Ball 2-0: Foul Ball, location: 2F 2-1: Swinging Strike 2-2: Foul Ball, location: 2F 2-2: Strikes out looking
|
Batting: RHB Dave Gonzalez
|
0-0: Called Strike Kisho Ito is caught stealing 2nd base 2-4
|
Bottom of the 4th over - 1 run, 2 hits, 0 errors, 0 left on base; Colorado 6 - Milwaukee 4 |
TOP OF THE 5TH |
Colorado Rockies batting - Pitching for Milwaukee Brewers : LHP Mike Moffett
|
Batting: LHB Andy Bowman
|
0-0: Foul Ball, location: 2F 0-1: Ball 1-1: Ball 2-1: Foul Ball, location: 2F 2-2: Ball 3-2: Ground out 4-3 (Groundball, 34, EV 81.9 MPH)
|
Batting: SHB Eddie Quinones
|
0-0: Called Strike 0-1: Ball 1-1: Swinging Strike 1-2: Foul Ball, location: 2F 1-2: SINGLE (Groundball, 13S, EV 72.5 MPH) (infield hit)
|
Batting: RHB Justin Williams
|
0-0: Ball Pickoff Throw to First - Out! 1-3 1-0: Called Strike 1-1: Ground out 4-3 (Groundball, 4M, EV 87.5 MPH)
|
Top of the 5th over - 0 runs, 1 hit, 0 errors, 0 left on base; Colorado 6 - Milwaukee 4 |
BOTTOM OF THE 5TH |
Milwaukee Brewers batting - Pitching for Colorado Rockies : LHP Mike Nimmo
|
Batting: RHB Dave Gonzalez
|
0-0: Ball 1-0: Foul Ball, location: 2F 1-1: Swinging Strike 1-2: Foul Ball, location: 2F 1-2: Foul Ball, location: 2F 1-2: Strikes out swinging
|
Batting: RHB Adrian Rudkilde
|
0-0: Ball 1-0: Foul Ball, location: 2F 1-1: Ball 2-1: Foul Ball, location: 2F 2-2: Strikes out swinging
|
Batting: RHB Daniel Donovan
|
0-0: Ball 1-0: Ball 2-0: Ball 3-0: Base on Balls
|
Batting: RHB Naofumi Ishida
|
0-0: Ball 1-0: Foul Ball, location: 2F 1-1: Swinging Strike 1-2: Ball 2-2: Foul Ball, location: 2F 2-2: Ball 3-2: Foul Ball, location: 2F 3-2: Foul Ball, location: 2F 3-2: SINGLE (Groundball, 6D, EV 104.4 MPH) Daniel Donovan to second Daniel Donovan to third
|
Pitching: RHP Iehohs Inatho
|
|
Batting: LHB Eric Klasek
|
0-0: Ball 1-0: Ball 2-0: Ball 3-0: Called Strike 3-1: Base on Balls Naofumi Ishida to second
|
Batting: RHB Jose Morrissey
|
0-0: Ball 1-0: Called Strike 1-1: Foul Ball, location: 2F 1-2: Ball 2-2: Foul Ball, location: 2F 2-2: DOUBLE (Flyball, 8LXD, EV 103.8 MPH) Daniel Donovan scores Naofumi Ishida scores Eric Klasek to third Runner from 3rd tries for Home, SAFE, throw by CF to home
|
Batting: SHB Lewis Thorpe Jr.
|
0-0: Foul Ball, location: 2F 0-1: Ball 1-1: Ball 2-1: Ball 3-1: Base on Balls
|
Batting: RHB Kisho Ito
|
0-0: Ball 1-0: Fielders Choice at 2nd, 5-4 (Groundball, 56, EV 105.0 MPH)
|
Bottom of the 5th over - 3 runs, 2 hits, 0 errors, 2 left on base; Colorado 6 - Milwaukee 7 |
TOP OF THE 6TH |
Colorado Rockies batting - Pitching for Milwaukee Brewers : LHP Mike Moffett
|
Batting: LHB Freddy Troncoso
|
0-0: Ball 1-0: Called Strike 1-1: Ball 2-1: Ball 3-1: SINGLE (Groundball, 6, EV 97.5 MPH)
|
Batting: RHB Henry Alvizo
|
0-0: Ball Wild Pitch! Freddy Troncoso to second 1-0: Foul Ball, location: 2F 1-1: Ball 2-1: Called Strike 2-2: Foul Ball, location: 2F 2-2: Foul Ball, location: 2F 2-2: Foul Ball, location: 2F 2-2: Ball 3-2: Foul Ball, location: 2F 3-2: Strikes out swinging
|
Pitching: RHP Adam McCurdy
|
|
Batting: LHB Bi-jun Chien
|
0-0: Ball 1-0: Ball Freddy Troncoso is caught stealing 3rd base 2-5 2-0: Ball 3-0: Called Strike 3-1: Base on Balls
|
Batting: SHB Jon Munoz
|
0-0: Called Strike 0-1: Called Strike Bi-jun Chien steals 2nd base 0-2: Strikes out looking
|
Top of the 6th over - 0 runs, 1 hit, 0 errors, 1 left on base; Colorado 6 - Milwaukee 7 |
BOTTOM OF THE 6TH |
Milwaukee Brewers batting - Pitching for Colorado Rockies : RHP Iehohs Inatho
|
Batting: RHB Joel Haycock
|
0-0: Ball 1-0: Called Strike 1-1: Foul Ball, location: 2F 1-2: Ball 2-2: Ball 3-2: Strikes out swinging
|
Batting: RHB Dave Gonzalez
|
0-0: Ball 1-0: Ball 2-0: Called Strike 2-1: Foul Ball, location: 2F 2-2: Ball 3-2: Foul Ball, location: 2F 3-2: Base on Balls
|
Batting: RHB Adrian Rudkilde
|
0-0: Ball 1-0: Foul Ball, location: 2F 1-1: Ball 2-1: Foul Ball, location: 2F 2-2: Foul Ball, location: 2F 2-2: Ball 3-2: Base on Balls Dave Gonzalez to second
|
Batting: RHB Daniel Donovan
|
0-0: Swinging Strike 0-1: Grounds into double play, 4-6-3 (Groundball, 4, EV 99.4 MPH)
|
Bottom of the 6th over - 0 runs, 0 hits, 0 errors, 1 left on base; Colorado 6 - Milwaukee 7 |
TOP OF THE 7TH |
Colorado Rockies batting - Pitching for Milwaukee Brewers : RHP Adam McCurdy
|
Batting: SHB Andy Vivas
|
0-0: Ball 1-0: Called Strike 1-1: Called Strike 1-2: Foul Ball, location: 2F 1-2: Strikes out swinging
|
Batting: RHB Eduardo Camacho
|
0-0: SINGLE (Groundball, 34D, EV 101.2 MPH)
|
Batting: LHB Andy Bowman
|
0-0: Ball 1-0: Ball Eduardo Camacho is caught stealing 2nd base 2-6 2-0: Ground out 4-3 (Groundball, 4M, EV 83.1 MPH)
|
Top of the 7th over - 0 runs, 1 hit, 0 errors, 0 left on base; Colorado 6 - Milwaukee 7 |
BOTTOM OF THE 7TH |
Milwaukee Brewers batting - Pitching for Colorado Rockies : RHP Iehohs Inatho
|
Pitching: LHP Randy Rowland
|
|
Batting: RHB Naofumi Ishida
|
0-0: Ball 1-0: Ground out 5-3 (Groundball, 56, EV 88.8 MPH)
|
Batting: LHB Eric Klasek
|
0-0: Ball 1-0: Ground out U3 (Groundball, 34S, EV 72.5 MPH)
|
Batting: RHB Jose Morrissey
|
0-0: Called Strike 0-1: Foul Ball, location: 2F 0-2: Ball 1-2: Strikes out looking
|
Bottom of the 7th over - 0 runs, 0 hits, 0 errors, 0 left on base; Colorado 6 - Milwaukee 7 |
TOP OF THE 8TH |
Colorado Rockies batting - Pitching for Milwaukee Brewers : RHP Adam McCurdy
|
Pitching: RHP Jeff Urry
|
|
Batting: SHB Eddie Quinones
|
0-0: Ball 1-0: Ball 2-0: Called Strike 2-1: Foul Ball, location: 2F 2-2: Strikes out looking
|
Batting: RHB Justin Williams
|
0-0: Ball 1-0: Ball 2-0: Foul Ball, location: 2F 2-1: Ball 3-1: Foul Ball, location: 2F 3-2: Strikes out swinging
|
Batting: LHB Freddy Troncoso
|
0-0: Ball 1-0: Fly out, F7 (Line Drive, 7S, EV 90.6 MPH)
|
Top of the 8th over - 0 runs, 0 hits, 0 errors, 0 left on base; Colorado 6 - Milwaukee 7 |
BOTTOM OF THE 8TH |
Milwaukee Brewers batting - Pitching for Colorado Rockies : LHP Randy Rowland
|
Batting: SHB Lewis Thorpe Jr.
|
0-0: Called Strike 0-1: Ball 1-1: Ball 2-1: Fly out, F7 (Line Drive, 7S, EV 99.4 MPH)
|
Batting: RHB Kisho Ito
|
0-0: Called Strike 0-1: Called Strike 0-2: Strikes out swinging
|
Batting: RHB Joel Haycock
|
0-0: Ball 1-0: Ball 2-0: Swinging Strike 2-1: SINGLE (Line Drive, 34D, EV 98.8 MPH)
|
Pinch Runner at 1st Jason Peck:
|
|
Batting: RHB Dave Gonzalez
|
0-0: Fielders Choice at 2nd, 5-4 (Groundball, 56, EV 79.4 MPH)
|
Bottom of the 8th over - 0 runs, 1 hit, 0 errors, 1 left on base; Colorado 6 - Milwaukee 7 |
TOP OF THE 9TH |
Colorado Rockies batting - Pitching for Milwaukee Brewers : RHP Jeff Urry
|
Pitching: RHP Victor Munoz
|
|
Now at 1B: Jose Morrissey
|
|
Now at 3B: Mike Ball
|
|
Batting: RHB Henry Alvizo
|
0-0: Ball 1-0: Called Strike 1-1: Ball 2-1: Foul Ball, location: 2F 2-2: Ball 3-2: Strikes out looking
|
Batting: LHB Bi-jun Chien
|
0-0: Called Strike 0-1: Swinging Strike 0-2: Strikes out swinging
|
Batting: SHB Jon Munoz
|
0-0: Called Strike 0-1: Ball 1-1: Ball 2-1: Ground out 4-3 (Groundball, 34D, EV 86.2 MPH)
|
Top of the 9th over - 0 runs, 0 hits, 0 errors, 0 left on base; Colorado 6 - Milwaukee 7 |
|